 Dungeon Crawl Stone Soup version 0.29-a0-359-g541a27f54d (webtiles) character file.

Game seed: 11390058129109480795

100 Morbidden the Covered (level 4, -5/42 HPs)
             Began as a Deep Dwarf Fighter on Apr 27, 2022.
             Slain by a gnoll
             ... wielding a +0 halberd
              (8 damage)
             ... on level 2 of the Dungeon.
             The game lasted 00:02:24 (1684 turns).

Morbidden the Covered (Deep Dwarf Fighter)          Turns: 1684, Time: 00:02:24

Health: -5/42      AC:  9    Str: 21    XL:     4   Next: 47%
Magic:  4/4        EV:  7    Int:  9    God:
Gold:   114        SH:  4    Dex: 12    Spells: 3/3 levels left

rFire   . . .      SeeInvis .   a - +0 war axe
rCold   . . .      Faith    .   c - +0 buckler
rNeg    . . .      Spirit   .   d - +0 chain mail
rPois   +          Reflect  .   (no helmet)
rElec   .          Harm     .   i - scarf {+Inv}
rCorr   .          Rampage  .   (no gloves)
Will    .....                   (no boots)
Stlth   ..........              (no amulet)
HPRegen 0.00/turn               l - ring of poison resistance
MPRegen 0.09/turn               (no ring)

@: no status effects
A: damage resistance, heal wounds, sense surroundings 1, no regeneration
a: Heal Wounds, Evoke Invisibility


You were on level 2 of the Dungeon.
You visited 1 branch of the dungeon, and saw 3 of its levels.

You collected 114 gold pieces.

Inventory:

Hand Weapons
 a - a +0 war axe (weapon)
Armour
 c - a +0 buckler (worn)
 d - a +0 chain mail (worn)
 i - a scarf of invisibility (worn)
Jewellery
 l - a ring of poison resistance (left hand)
Scrolls
 g - 3 scrolls of identify {unknown}
 j - a scroll of holy word {unknown}
 k - a scroll of enchant weapon {unknown}
 m - a scroll of vulnerability {unknown}
Potions
 b - a potion of haste {unknown}
 e - a potion of heal wounds {unknown}
 f - a potion of degeneration {unknown}
 h - a potion of berserk rage {unknown}


   Skills:
 * Level 3.3 Fighting
 * Level 3.5 Axes
 + Level 4.0 Armour
 + Level 3.7 Shields
 * Level 0.2 Spellcasting


You had 3 spell levels left.
You didn't know any spells.
Your spell library was empty.

Dungeon Overview and Level Annotations

Branches:
Dungeon (3/15)

Altars:

Annotations:
D:3 Sigmund


Innate Abilities, Weirdness & Mutations

You are resistant to damage.
You can heal yourself by infusing magical energy.
You passively map a small area around you.
You do not regenerate.


Message History

A kobold is nearby!
A kobold is nearby!
A kobold is nearby!
A kobold is nearby!
You are too injured to fight recklessly!
The kobold barely misses you.
You closely miss the kobold. The kobold barely misses you.
The kobold hits you but does no damage.
You completely miss the kobold. The kobold hits you but does no damage.
You hit the kobold.
You kill the kobold!
You see here a +0 short sword.
Unknown command.
A giant cockroach comes into view.
A giant cockroach is nearby!
A giant cockroach is nearby!
A giant cockroach is nearby!
A giant cockroach is nearby!
You are too injured to fight recklessly!
You are too injured to fight recklessly!
You are too injured to fight recklessly!
You barely miss the giant cockroach.
The giant cockroach bites you but does no damage.
The giant cockroach bites you.
You slash the giant cockroach!
You kill the giant cockroach!
Unknown command.
You see here a staff of poison.
The gnoll shouts!
A gnoll is nearby!
A gnoll is nearby!
A gnoll is nearby!
Unknown command.
You are too injured to fight recklessly!
You are too injured to fight recklessly!
Unknown command.
The gnoll hits you with a +0 halberd!
* * * LOW HITPOINT WARNING * * *
You closely miss the gnoll. The gnoll hits you with a +0 halberd!
You die...

...........#.##......##.## #.#.#
.........###.##......##..###.#.##
.................................
##.#########.#####...###.###.###)
##...................# #..##.# #.
.#..........#....#...# ##.##.# #.
.#..........#........# #.##.# #.
.#.......####....##.#####..#.# #.
'#######.# #...@##.#........# #.
....<..#.####...g##.#.####..####.
....#..#..........#.#.##.#.......
....#).#..........#.#....#..####.
......)#..........#.####.#.......
.......#...............#.##..###.
.......#..........####.#.###.###.
.......#...............#.# #..##.
..##..............######.####.##.


You could see a gnoll.

Vanquished Creatures
  2 adders (D:2)
  2 gnolls (D:2)
  3 dart slugs
  3 orcs (D:3)
  4 endoplasms
  4 giant cockroaches
  3 hobgoblins
  6 jackals
  2 quokkas
  5 ball pythons
  5 bats
  2 frilled lizards (D:1)
  3 goblins
  4 kobolds
  5 rats
53 creatures vanquished.

Notes
Turn   | Place    | Note
-------+----------+-------------------------------------------
     0 | D:1      | Morbidden the Deep Dwarf Fighter began the quest for the
                  | Orb.
     0 | D:1      | Reached XP level 1. HP: 20/20 MP: 1/1
   168 | D:1      | Reached XP level 2. HP: 21/27 MP: 2/2
   250 | D:1      | Found a faded altar of an unknown god.
   606 | D:2      | Reached XP level 3. HP: 27/34 MP: 3/3
  1144 | D:2      | Reached XP level 4. HP: 16/42 MP: 4/4
  1250 | D:2      | You fall into a shaft and drop 1 floor!
  1283 | D:3      | Reached skill level 4 in Armour
  1423 | D:3      | Noticed Sigmund
  1684 | D:2      | Slain by a gnoll

Illustrated notes

Levels and vault maps discovered:
D:1:      eino_arrival_cavern_a, layout_basic,
          shapermc_ecumenical_altar_mp_ritualfount, hex_tiny,
          grunt_decor_fettered
D:2:      layout_basic
D:3:      layout_basic, skrybe_limestone_x, chequers_serial_rivers_micro_b,
          minivault_24, uniq_sigmund

Skill      XL: |  1  2  3  4 |
---------------+-------------+-----
Fighting       | 3 |  3.3
Axes           | 3 |  3.5
Armour         | 4 |  4.0
Shields        | |  3.7
Spellcasting   | |  0.2

Action                   |  1- 3 |  4- 6 || total
-------------------------+-------+-------++-------
Melee: War axe           |    93 |    29 ||   122
  Use: Potion            |     1 |       ||     1
Armor: Scale mail        |    50 |     7 ||    57
       Chain mail        |       |    14 ||    14
Dodge: Dodged            |    54 |    14 ||    68
Block: Buckler           |    33 |     8 ||    41

Table legend: (Time is in decaauts)
 A = Elapsed time spent in this place.
 B = Non-inter-level travel time spent in this place.
 C = Inter-level travel time spent in this place.
 D = Time resting spent in this place.
 E = Time spent auto-exploring this place.
 F = Levels seen in this place.
 G = Mean time per level.
                   A        B        C        D        E       F      G
               +--------+--------+--------+--------+--------+-----+--------+
         Total |   1736 |   1690 |     46 |    104 |   1129 |   3 |  578.7 |
       Dungeon |   1736 |   1690 |     46 |    104 |   1129 |   3 |  578.7 |
               +--------+--------+--------+--------+--------+-----+--------+

Top non-repeatable levels by time:
     D:2: 842 daAuts
     D:1: 688 daAuts
     D:3: 205 daAuts
